 Dungeon Crawl Stone Soup version 0.32-a0-871-ge202e49faa (webtiles) character file.

Game seed: 9190848655933000950

22646 epen the Nimble (level 13, -1/98 HPs)
             Began as a Gnoll Hexslinger on Mar 29, 2024.
             Was a Priest of Ru.
             Slain by a death yak (16 damage)
             ... on level 2 of the Lair of Beasts.
             The game lasted 00:37:04 (15268 turns).

epen the Nimble (Gnoll Hexslinger)                 Turns: 15268, Time: 00:37:04

Health: -1/98      AC: 11    Str:  8    XL:     13   Next: 1%
Magic:  24/24      EV: 18    Int: 14    God:    Ru [***...]
Gold:   985        SH:  5    Dex: 26    Spells: 13/27 levels left

rFire   . . .        P - +2 trident (flame)
rCold   . . .        (no shield)
rNeg    . . .        J - +1 troll leather armour
rPois   +            p - +0 helmet
rElec   .            N - +0 cloak
rCorr   .            A - +1 pair of gloves of the Silversmith {Dex+2}
SInv    .            K - +0 pair of boots
Will    .....        e - amulet of reflection
Stlth   ++++         z - ring of poison resistance
HPRegen 1.16/turn    D - +6 ring of dexterity
MPRegen 0.19/turn

%: reflection
@: no status effects
A: fangs 1, hated by all, unskilled 1, strong nose, distributed training, no
forms
a: Renounce Religion, Draw Out Power


You were on level 2 of the Lair of Beasts.
You worshipped Ru.
Ru was most pleased with you.
You visited 3 branches of the dungeon, and saw 15 of its levels.
You also visited: Ossuary and Volcano.

You collected 985 gold pieces.

Inventory:

Hand Weapons
 a - a +2 sling of freezing
 M - a +0 trident of flaming
 P - a +2 trident of flaming (weapon)
Missiles
 l - 2 throwing nets
Armour
 c - a +0 robe
 g - +0 steam dragon scales
 p - a +0 helmet (worn)
 A - the +1 pair of gloves of the Silversmith (worn) {Dex+2}
   (You found it on level 8 of the Dungeon)

   Dex+2:     It affects your dexterity (+2).
 J - a +1 troll leather armour (worn)
 K - a +0 pair of boots (worn)
 N - a +0 cloak (worn)
 O - a +2 ring mail of fire resistance
Jewellery
 e - an amulet of reflection (around neck)
 r - a +6 ring of strength
 w - a +6 ring of strength
 x - a ring of protection from fire
 z - a ring of poison resistance (left hand)
 B - an amulet of regeneration
 D - a +6 ring of dexterity (right hand)
 E - a ring of fire
Wands
 k - a wand of flame (67)
 y - a wand of charming (8)
 C - a wand of polymorph (12)
 Q - a wand of roots (7)
Scrolls
 b - 3 scrolls of poison
 f - a scroll of amnesia
 h - 2 scrolls of identify
 i - 2 scrolls of revelation
 j - a scroll of immolation
 G - 3 scrolls of enchant weapon
 H - 3 scrolls of vulnerability
 I - 2 scrolls of fog
Potions
 d - 3 potions of attraction
 m - 5 potions of mutation
 n - 2 potions of invisibility
 o - 2 potions of enlightenment
 q - a potion of haste
 s - a potion of berserk rage
 t - 2 potions of curing
 u - 3 potions of heal wounds
 v - 2 potions of might
 F - a potion of brilliance
 L - 2 potions of lignification


   Skills:
 + Level 7.8 Fighting
 + Level 7.4 Short Blades
 + Level 7.4 Long Blades
 + Level 7.4 Axes
 + Level 7.4 Maces & Flails
 + Level 7.4 Polearms
 + Level 7.4 Staves
 + Level 8.6 Ranged Weapons
 + Level 7.4 Throwing
 + Level 7.4 Armour
 + Level 8.6 Dodging
 + Level 7.4 Stealth
 + Level 7.4 Shields
 + Level 7.4 Unarmed Combat
 + Level 7.9 Spellcasting
 + Level 6.1 Conjurations
 + Level 8.0 Hexes
   Level 0.0 Summonings
 + Level 6.1 Necromancy
 + Level 6.1 Translocations
 + Level 6.5 Fire Magic
 + Level 6.1 Ice Magic
 + Level 6.1 Air Magic
 + Level 6.1 Earth Magic
 + Level 6.1 Alchemy
 + Level 8.1 Invocations
 + Level 7.4 Evocations
   Level 0.0 Shapeshifting


You had 13 spell levels left.
You knew the following spells:

 Your Spells              Type           Power      Damage    Failure   Level
a - Jinxbite              Hex            56%        N/A       1%          2
b - Sigil of Binding      Hex            28%        N/A       1%          3
c - Inner Flame           Hex/Fire       25%        N/A       2%          3
d - Blink                 Tloc           44%        N/A       2%          2
e - Dimensional Bullseye  Hex/Tloc       12%        N/A       10%         4

Your spell library contained the following spells:

 Spells                   Type           Power      Damage    Failure   Level
 Apportation              Tloc           44%        N/A       1%          1
 Kiss of Death            Conj/Necr      88%        2d12      1%          1
 Magic Dart               Conj           88%        1d7       1%          1
 Necrotise                Necr           88%        1d8       1%          1
 Sting                    Conj/Alch      88%        1d8       1%          1
 Confusing Touch          Hex            28%        N/A       1%          3
 Cause Fear               Hex            14%        N/A       6%          4
 Dispel Undead            Necr           22%        3d12      14%         4
 Passage of Golubria      Tloc           22%        N/A       14%         4
 Yara's Violent Unravell  Hex/Alch       12%        3d7       26%         5
 Tukima's Dance           Hex            Unusable   N/A       N/A         3
 Summon Small Mammal      Summ           Unusable   N/A       N/A         1
 Call Imp                 Summ           Unusable   N/A       N/A         2
 Call Canine Familiar     Summ           Unusable   N/A       N/A         3

Dungeon Overview and Level Annotations

Branches:
Dungeon (11/15)            Temple (1/1) D:7            Lair (3/5) D:8
  Snake (0/4) Lair:3          Orc (0/2) D:9         Ossuary (visited)
Volcano (visited)
  Swamp: Lair:2-3    Shoals: Lair:2-3

Altars:
Ashenzari
Cheibriados
Dithmenos
Elyvilon
Gozag
Kikubaaqudgha
Makhleb
Nemelex Xobeh
Okawaru
Qazlal
Ru
Sif Muna
Trog
Uskayaw
Vehumet
Wu Jian
Xom
Zin
The Shining One

Shops:
D:9 *   D:10 =*?

Annotations:
D:11 Gastronok
Lair:3 Snorg


Innate Abilities, Weirdness & Mutations

You have very sharp teeth.
You are hated by all.
You are somewhat unskilled. (-1 Apt)
Your uncanny sense of smell can sniff out nearby items.
Your experience applies equally to all skills.
You cannot voluntarily change form.


Message History

The death yak attacks as it pursues you!
The death yak completely misses you.
The death yak attacks as it pursues you!
The death yak closely misses you.
The death yak attacks as it pursues you!
The death yak gores you.
The death yak attacks as it pursues you!
The death yak completely misses you.
Reach: P) +2 trident (flame)
Press: ? - help, Dir - move target, f/p - death yak
Aim: a death yak (heavily wounded, about 16% to evade your +2 trident of flaming)
You reach to attack!
You hit the death yak but do no damage.
The death yak is heavily wounded.
Reach: P) +2 trident (flame)
Press: ? - help, Dir - move target, f/p - death yak
Aim: a death yak (heavily wounded, about 16% to evade your +2 trident of flaming)
You hit the death yak. You burn the death yak.
The death yak is heavily wounded.
The death yak gores you!!
* * * LOW HITPOINT WARNING * * *
The death yak attacks as it pursues you!
The death yak closely misses you.
The death yak attacks as it pursues you!
The death yak misses you.
The death yak attacks as it pursues you!
The death yak gores you!
* * * LOW HITPOINT WARNING * * *
The death yak attacks as it pursues you!
The death yak gores you but does no damage.
The death yak attacks as it pursues you!
The death yak gores you!!
* * * LOW HITPOINT WARNING * * *
The death yak attacks as it pursues you!
The death yak barely misses you.
The death yak attacks as it pursues you!
The death yak barely misses you.
The death yak attacks as it pursues you!
The death yak gores you!
You die...
Ru respects your ultimate sacrifice.

....#...# #....##...#
#...#...# ##..###...#
#+#.#...# ##.###...##
........####...##....#
....................##
...................##
....................#
.....#.............##
.....#...#.#####@..#
.........##.####Y..##
.....P...#P...#.....#
.....+.........#...##
.....#...P#...#....#
..........#........#
.....#...P#...##...#
..........#...##...#
.....#...###.#.#...#


You could see a death yak.

Vanquished Creatures
  A red draconian (Volcano)
  A hydra (Lair:3)
  Erolcha (D:9)
  A salamander mystic (Volcano)
  5 salamanders (Volcano)
  A black mamba (Lair:3)
  5 cane toads
  3 komodo dragons
  3 hornets
  A polar bear (Lair:1)
  3 trolls
  7 blink frogs
  A vampire (D:5)
  44 yaks
  A wyvern (D:10)
  2 steam dragons
  2 vampire mosquitoes (D:10)
  2 basilisks
  Menkaure (Ossuary)
  4 water moccasins
  An acid dragon (D:10)
  2 sky beasts
  3 orc warriors
  2 ice beasts
  3 black bears
  3 centaurs
  An ogre (D:5)
  A phantom (D:5)
  7 wolves
  2 gnoll sergeants (D:9)
  2 kobold brigands
  Blork the orc (D:6)
  11 bullfrogs
  5 wights (D:6)
  12 killer bees
  A howler monkey (D:4)
  An electric eel (Lair:1)
  3 bombardier beetles
  5 hounds
  6 orc priests
  A sleepcap (D:8)
  8 iguanas
  3 scorpion zombies (D:6)
  Natasha (twice) (D:2)
  10 orc wizards
  3 mummies (Ossuary)
  3 howler monkey skeletons (D:6)
  7 adders
  15 gnolls
  3 shadow imps
  4 white imps
  3 ufetubi
  2 ribbon worms
  A dart slug (D:4)
  35 orcs
  4 bats
  10 endoplasms
  5 giant cockroaches
  2 gnoll skeletons (Ossuary)
  9 goblins
  7 hobgoblins
  5 jackals
  A quokka (D:1)
  3 ball pythons
  5 frilled lizards
  4 gnoll zombies (Ossuary)
  3 goblin skeletons (Ossuary)
  5 goblin zombies (Ossuary)
  2 hobgoblin skeletons (Ossuary)
  7 hobgoblin zombies (Ossuary)
  11 kobolds
  6 kobold skeletons (Ossuary)
  2 kobold zombies (Ossuary)
  6 orc skeletons (Ossuary)
  3 orc zombies (Ossuary)
  4 rats
  6 rat skeletons (Ossuary)
  4 rat zombies (Ossuary)
375 creatures vanquished.

Notes
Turn   | Place    | Note
-------+----------+-------------------------------------------
     0 | D:1      | epen the Gnoll Hexslinger began the quest for the Orb.
     0 | D:1      | Reached XP level 1. HP: 17/17 MP: 4/4
     3 | D:1      | Noticed an electric eel
     4 | D:1      | Noticed an electric eel
    57 | D:1      | Reached XP level 2. HP: 13/23 MP: 5/5
   370 | D:1      | Reached XP level 3. HP: 27/28 MP: 7/7
   375 | D:1      | Learned a level 2 spell: Jinxbite
   379 | D:1      | Learned a level 3 spell: Sigil of Binding
   898 | D:2      | Reached skill level 1 in Invocations
   955 | D:2      | Reached skill level 1 in Short Blades
   955 | D:2      | Reached skill level 1 in Long Blades
   955 | D:2      | Reached skill level 1 in Axes
   955 | D:2      | Reached skill level 1 in Maces & Flails
   955 | D:2      | Reached skill level 1 in Polearms
   955 | D:2      | Reached skill level 1 in Staves
   955 | D:2      | Reached skill level 1 in Throwing
   955 | D:2      | Reached skill level 1 in Armour
   955 | D:2      | Reached skill level 1 in Stealth
   955 | D:2      | Reached skill level 1 in Shields
   955 | D:2      | Reached skill level 1 in Unarmed Combat
   955 | D:2      | Reached skill level 1 in Evocations
  1019 | D:2      | Noticed Natasha
  1025 | D:2      | Killed Natasha
  1026 | D:2      | Reached skill level 1 in Shapeshifting
  1026 | D:2      | Reached XP level 4. HP: 26/34 MP: 5/8
  1256 | D:2      | Reached skill level 1 in Conjurations
  1256 | D:2      | Reached skill level 1 in Summonings
  1256 | D:2      | Reached skill level 1 in Necromancy
  1256 | D:2      | Reached skill level 1 in Translocations
  1256 | D:2      | Reached skill level 1 in Ice Magic
  1256 | D:2      | Reached skill level 1 in Air Magic
  1256 | D:2      | Reached skill level 1 in Earth Magic
  1256 | D:2      | Reached skill level 1 in Alchemy
  1286 | D:2      | Noticed Natasha
  1289 | D:2      | Killed Natasha
  1550 | D:3      | Reached XP level 5. HP: 41/41 MP: 6/9
  1931 | D:3      | Reached XP level 6. HP: 39/47 MP: 9/11
  2070 | D:3      | Found a faded altar of an unknown god.
  2082 | D:3      | Reached skill level 5 in Ranged Weapons
  2082 | D:3      | Reached skill level 5 in Dodging
  2415 | D:4      | Learned a level 3 spell: Inner Flame
  2673 | D:4      | Reached XP level 7. HP: 52/52 MP: 9/12
  3025 | D:5      | Entered Level 5 of the Dungeon
  3224 | D:5      | Learned a level 2 spell: Blink
  3523 | D:5      | Reached XP level 8. HP: 15/60 MP: 10/14
  3973 | D:5      | Found an opulent altar of Gozag.
  3975 | D:5      | Found a shimmering blue altar of Sif Muna.
  3978 | D:5      | Found a hazy altar of Hepliaklqana.
  3979 | D:5      | Found a glowing silver altar of Zin.
  3979 | D:5      | Found an iron altar of Okawaru.
  3979 | D:5      | Found a stormy altar of Qazlal.
  3979 | D:5      | Found a shimmering altar of Xom.
  3979 | D:5      | Found a snail-covered altar of Cheibriados.
  3980 | D:5      | Found an ancient bone altar of Kikubaaqudgha.
  3981 | D:5      | Found a broken altar of Ashenzari.
  3983 | D:5      | Found a blossoming altar of Fedhas.
  3984 | D:5      | Found an ornate altar of the Wu Jian Council.
  4252 | D:6      | Noticed a vampire
  4277 | D:5      | Killed a vampire
  4504 | D:6      | Found a sand-covered staircase.
  4516 | Ossuary  | Entered an ossuary
  4916 | Ossuary  | Noticed Menkaure
  4925 | Ossuary  | Killed Menkaure
  5084 | D:6      | Reached XP level 9. HP: 66/66 MP: 16/16
  5122 | D:6      | Reached skill level 5 in Spellcasting
  5158 | D:6      | HP: 1/67 [orc warrior/+0 short sword (10)]
  5381 | D:6      | Reached skill level 5 in Fighting
  5412 | D:6      | Learned a level 4 spell: Dimensional Bullseye
  5813 | D:6      | Noticed Blork the orc
  5822 | D:6      | Killed Blork the orc
  6091 | D:6      | Reached skill level 5 in Invocations
  6568 | D:7      | Found a staircase to the Ecumenical Temple.
  6575 | Temple   | Entered the Ecumenical Temple
  6585 | Temple   | Became a worshipper of Ru the Awakened
  6916 | D:7      | Noticed a hornet
  6946 | D:7      | Killed a hornet
  7691 | D:8      | Reached skill level 5 in Short Blades
  7691 | D:8      | Reached skill level 5 in Long Blades
  7691 | D:8      | Reached skill level 5 in Axes
  7691 | D:8      | Reached skill level 5 in Maces & Flails
  7691 | D:8      | Reached skill level 5 in Polearms
  7691 | D:8      | Reached skill level 5 in Staves
  7691 | D:8      | Reached skill level 5 in Throwing
  7691 | D:8      | Reached skill level 5 in Armour
  7691 | D:8      | Reached skill level 5 in Stealth
  7691 | D:8      | Reached skill level 5 in Shields
  7691 | D:8      | Reached skill level 5 in Unarmed Combat
  7691 | D:8      | Reached skill level 5 in Evocations
  7691 | D:8      | Reached XP level 10. HP: 26/76 MP: 9/18
  7972 | D:8      | Found a staircase to the Lair.
  7989 | D:8      | Identified the +1 pair of gloves of the Silversmith {Dex+2}
  8097 | D:8      | Gained mutation: You cannot voluntarily change form. [Ru
                  | sacrifice]
  8904 | D:9      | Reached skill level 5 in Fire Magic
  9035 | D:9      | Noticed Erolcha
  9047 | D:9      | Killed Erolcha
  9228 | D:9      | Found a staircase to the Orcish Mines.
  9599 | D:9      | Found Epublukh's General Store.
 10228 | D:10     | Entered Level 10 of the Dungeon
 10244 | D:10     | Reached skill level 5 in Conjurations
 10244 | D:10     | Reached skill level 5 in Summonings
 10244 | D:10     | Reached skill level 5 in Necromancy
 10244 | D:10     | Reached skill level 5 in Translocations
 10244 | D:10     | Reached skill level 5 in Ice Magic
 10244 | D:10     | Reached skill level 5 in Air Magic
 10244 | D:10     | Reached skill level 5 in Earth Magic
 10244 | D:10     | Reached skill level 5 in Alchemy
 10244 | D:10     | Reached XP level 11. HP: 66/83 MP: 19/21
 10408 | D:10     | Found Upupsex's Jewellery Emporium.
 10896 | D:10     | Found Lagal's Assorted Antiques.
 10992 | D:10     | Found Inyen Lid's Magic Scroll Shoppe.
 11115 | D:11     | Noticed Gastronok
 11328 | Lair:1   | Entered Level 1 of the Lair of Beasts
 11561 | Lair:1   | Gained mutation: You are hated by all. [Ru sacrifice]
 11561 | Lair:1   | Reached * piety under Ru
 11561 | Lair:1   | Reached ** piety under Ru
 13339 | Lair:2   | Found a dark tunnel.
 13342 | Volcano  | Entered a volcano
 13353 | Volcano  | Noticed a salamander
 13375 | Volcano  | Killed a salamander
 13467 | Volcano  | Noticed a salamander
 13468 | Volcano  | Noticed a red draconian
 13470 | Volcano  | Noticed a salamander
 13471 | Volcano  | Killed a salamander
 13472 | Volcano  | Reached XP level 12. HP: 91/91 MP: 23/23
 13482 | Volcano  | Killed a red draconian
 13989 | Lair:2   | Gained mutation: You are somewhat unskilled. (-1 Apt) [Ru
                  | sacrifice]
 13989 | Lair:2   | Reduced skill Conjurations to level 5
 13989 | Lair:2   | Reduced skill Necromancy to level 5
 13989 | Lair:2   | Reduced skill Translocations to level 5
 13989 | Lair:2   | Reduced skill Ice Magic to level 5
 13989 | Lair:2   | Reduced skill Air Magic to level 5
 13989 | Lair:2   | Reduced skill Earth Magic to level 5
 13989 | Lair:2   | Reduced skill Alchemy to level 5
 13989 | Lair:2   | Reached *** piety under Ru
 14832 | Lair:3   | Noticed Snorg
 14832 | Lair:3   | Noticed a death yak
 14832 | Lair:3   | Noticed a death yak
 14832 | Lair:3   | Noticed a death yak
 14832 | Lair:3   | Noticed a death yak
 14841 | Lair:3   | Noticed a seven-headed hydra
 14943 | Lair:3   | Killed a seven-headed hydra
 15042 | Lair:3   | Found a staircase to the Snake Pit.
 15057 | Lair:3   | Noticed a death yak
 15057 | Lair:3   | Noticed a death yak
 15067 | Lair:3   | Reached XP level 13. HP: 71/98 MP: 24/24
 15268 | Lair:2   | Slain by a death yak

Illustrated notes

Levels and vault maps discovered:
D:1:      arrival_aquarium_b, layout_loops_ring, patterned_corridor
D:2:      layout_basic, uniq_natasha
D:3:      layout_rooms, ebering_ecumenical_altar_petrified
D:4:      layout_rooms
D:5:      layout_rooms, minitemple, serial_demonic, serial_demonic_f,
          serial_demonic_g, serial_demonic_b, serial_demonic_e,
          minmay_gold_behind_fungi
D:6:      layout_basic, mainiacjoe_ossuary_entry_find_the_door,
          uniq_blork_the_orc
D:7:      layout_basic, minmay_temple_entry_tees, serial_co_window_serial,
          co_window_paths_b, co_window_cross_1, co_window_paths_a,
          co_window_of_opportunity_a, co_window_paths_a,
          co_window_of_opportunity_b, co_window_corner_b, co_window_cross_4,
          co_window_2corner, co_window_corner_b, co_window_paths_d,
          co_window_paths_e, glass_columns_a, glass_columns_b, glass_columns_c
D:8:      layout_gridville, dpeg_oklobed_lair
D:9:      layout_basic, orc_0_dummy, serial_shops, shop, uniq_erolcha
D:10:     layout_basic, serial_shops, nicolae_shop_back_alley_shop,
          nicolae_shop_behind_doors, nicolae_diamond_shop,
          minmay_variable_closet, nicolae_lava_and_water
D:11:     layout_basic, uniq_gastronok
Temple:   nicolae_temple_two_arcs
Lair:1:   layout_layer_cave, nicolae_quartered_pool_little, beast_lair_carwin_6,
          grunt_megastairs_5
Lair:2:   layout_regular_city, nicolae_volcano_entry_lava_flow
Lair:3:   layout_long_grid, mainiacjoe_swamp_entry_lozenge_pond,
          nicolae_snake_entry_warm_welcome, pdpol_lair_cabin_in_the_woods,
          infiniplex_staircase_pool_2, uniq_snorg

Skill      XL: |  1  2  3  4  5  6  7  8  9 10 11 12 |
---------------+-------------------------------------+-----
Fire Magic     | 2 3 4 5 6 |  6.5
Invocations    | 1 2 3 4 5 6 7 8 |  8.1
Short Blades   | 1 2 3 5 6 7 7 |  7.4
Long Blades    | 1 2 3 5 6 7 7 |  7.4
Axes           | 1 2 3 5 6 7 7 |  7.4
Maces & Flails | 1 2 3 5 6 7 7 |  7.4
Polearms       | 1 2 3 5 6 7 7 |  7.4
Staves         | 1 2 3 5 6 7 7 |  7.4
Throwing       | 1 2 3 5 6 7 7 |  7.4
Armour         | 1 2 3 5 6 7 7 |  7.4
Stealth        | 1 2 3 5 6 7 7 |  7.4
Shields        | 1 2 3 5 6 7 7 |  7.4
Unarmed Combat | 1 2 3 5 6 7 7 |  7.4
Evocations     | 1 2 3 5 6 7 7 |  7.4
Spellcasting   | 3 4 5 6 7 7 |  7.9
Shapeshifting  | 1 2 3 4 0 |  0.0
Conjurations   | 1 2 3 4 5 6 |  6.1
Summonings     | 1 2 3 4 5 0 |  0.0
Necromancy     | 1 2 3 4 5 6 |  6.1
Translocations | 1 2 3 4 5 6 |  6.1
Ice Magic      | 1 2 3 4 5 6 |  6.1
Air Magic      | 1 2 3 4 5 6 |  6.1
Earth Magic    | 1 2 3 4 5 6 |  6.1
Alchemy        | 1 2 3 4 5 6 |  6.1
Fighting       | 3 4 5 6 7 7 |  7.8
Ranged Weapons | 5 6 7 8 |  8.6
Dodging        | 5 6 7 8 |  8.6
Hexes          | 6 7 8 8 |  8.0

Action                     |  1- 3 |  4- 6 |  7- 9 | 10-12 | 13-15 || total
---------------------------+-------+-------+-------+-------+-------++-------
  Melee: Sling             |       |       |       |     1 |       ||     1
         Trident           |       |       |       |    21 |    55 ||    76
         Bite              |       |       |       |     5 |    12 ||    17
   Fire: Sling             |    84 |   181 |   623 |   798 |       ||  1686
   Cast: Jinxbite          |     5 |     7 |    16 |    17 |       ||    45
         Sigil of Binding  |       |     5 |     8 |     4 |       ||    17
         Inner Flame       |       |     2 |     5 |    36 |       ||    43
         Blink             |       |       |     4 |     8 |     1 ||    13
         Dimensional Bulls |       |       |     3 |     5 |       ||     8
 Invoke: Sacrifice Forms   |       |       |       |     1 |       ||     1
         Sacrifice Love    |       |       |       |     1 |       ||     1
         Sacrifice Skill   |       |       |       |     1 |       ||     1
  Evoke: Wand              |       |       |     8 |    22 |       ||    30
    Use: Scroll            |       |       |    14 |    12 |       ||    26
         Potion            |       |       |     5 |       |       ||     5
   Stab: Distracted        |       |       |       |     1 |       ||     1
         Invisible         |       |       |       |       |     1 ||     1
 Armour: Robe              |    14 |    50 |    51 |       |       ||   115
         Steam dragon scal |       |       |   178 |   131 |       ||   309
         Troll leather arm |       |       |       |   194 |    31 ||   225
  Dodge: Dodged            |    21 |    54 |   313 |   424 |    29 ||   841
  Block: Other             |       |       |    79 |   119 |     5 ||   203
         Reflection        |       |       |     1 |       |       ||     1

Table legend: (Time is in decaauts)
 A = Elapsed time spent in this place.
 B = Non-inter-level travel time spent in this place.
 C = Inter-level travel time spent in this place.
 D = Time resting spent in this place.
 E = Time spent auto-exploring this place.
 F = Levels seen in this place.
 G = Mean time per level.
                   A        B        C        D        E       F      G
               +--------+--------+--------+--------+--------+-----+--------+
         Total |  15429 |  14900 |    529 |   1020 |  10451 |  17 |  907.6 |
       Dungeon |  11177 |  10800 |    377 |    827 |   7909 |  11 | 1016.1 |
        Temple |     20 |     11 |      9 |      0 |      0 |   1 |   20.0 |
          Lair |   3366 |   3223 |    143 |    116 |   2224 |   3 | 1122.0 |
       Ossuary |    571 |    571 |      0 |     21 |    270 |   1 |  571.0 |
       Volcano |    294 |    294 |      0 |     56 |     47 |   1 |  294.0 |
               +--------+--------+--------+--------+--------+-----+--------+

Top non-repeatable levels by time:
  Lair:1: 1738 daAuts
     D:9: 1534 daAuts
     D:8: 1407 daAuts
     D:7: 1404 daAuts
     D:6: 1400 daAuts
     D:5: 1269 daAuts
  Lair:2: 1238 daAuts
    D:10: 1042 daAuts
     D:1: 898 daAuts
     D:3: 812 daAuts
     D:4: 718 daAuts
     D:2: 650 daAuts
 Ossuary: 571 daAuts
  Lair:3: 388 daAuts
 Volcano: 294 daAuts
